 Dungeon Crawl Stone Soup version 0.32-a0-996-gb3226c233f (webtiles) character file.

Game seed: 7657783336306293505

579 Hubris850 the Changeling (level 7, -3/48 HPs)
             Began as a Merfolk Shapeshifter on Apr 23, 2024.
             Was a Follower of Qazlal.
             Slain by a gnoll
             ... wielding a +0 flail
             ... led by a gnoll bouda
              (6 damage)
             ... on level 4 of the Dungeon.
             The game lasted 00:07:59 (3361 turns).

Hubris850 the Changeling (Merfolk Shapeshifter)     Turns: 3361, Time: 00:08:00

Health: -3/48      AC:  3    Str: 14    XL:     7   Next: 36%
Magic:  0/8        EV: 12    Int: 11    God:    Qazlal [*.....]
Gold:   163        SH:  1    Dex: 14    Spells: 6/6 levels left

rFire   . .          .
                       - Unarmed
rCold   . . .        (no shield)
rNeg    . . .        a - +1 animal skin
rPois   +            (helmet currently unavailable)
rElec   .            (cloak currently unavailable)
rCorr   .            (gloves currently unavailable)
SInv    .            (boots currently unavailable)
Will    .....        i - amulet of guardian spirit
Stlth   +            g - ring of poison resistance
HPRegen 0.28/turn    (no ring)
MPRegen 0.11/turn

%: guardian spirit
@: beast-form, weakened
A: beast (slay +4), (nimble swimmer 2), mertail
a: Begin Untransformation, Renounce Religion


You were on level 4 of the Dungeon.
You worshipped Qazlal.
Qazlal was aware of your devotion.
You were a hulking beast.
You visited 1 branch of the dungeon, and saw 4 of its levels.

You collected 163 gold pieces.

Inventory:

Hand Weapons
 l - a +3 dagger of venom
 n - a +2 short sword of venom
Missiles
 o - 4 poisoned darts (quivered)
Armour
 a - a +1 animal skin (worn)
 k - a +0 cloak
Jewellery
 g - a ring of poison resistance (left hand)
 i - an amulet of guardian spirit (around neck)
Talismans
 c - a beast talisman (active)
 d - a flux talisman
 p - a maw talisman
Wands
 r - a wand of quicksilver (8)
Scrolls
 b - a scroll of identify
 e - 4 scrolls of teleportation
 q - 3 scrolls of enchant weapon
Potions
 f - 2 potions of curing
 h - a potion of cancellation
 j - a potion of degeneration {unknown}
 m - a potion of heal wounds {unknown}


   Skills:
 - Level 1.1 Fighting
 - Level 4.0 Dodging
 + Level 6.3 Unarmed Combat
 + Level 2.3 Invocations
 + Level 7.0 Shapeshifting


You had 6 spell levels left.
You didn't know any spells.
Your spell library contained the following spells:

 Spells                   Type           Power      Damage    Failure   Level
 Shock                    Conj/Air       0%         1d3       34%         1
 Ensorcelled Hibernation  Hex/Ice        0%         N/A       47%         2
 Passwall                 Erth           0%         N/A       71%         3
 Swiftness                Air            0%         N/A       71%         3
 Airstrike                Air            0%         2d(0-16)  98%         4


Dungeon Overview and Level Annotations

Branches:
Dungeon (4/15)
 Temple: D:4-7

Altars:
Ashenzari
Qazlal
Trog
Uskayaw
The Shining One

Shops:
D:4 ?


Innate Abilities, Weirdness & Mutations

You are a hulking beast.
Your limbs bulge with bestial killing power. (Slay +4)
((You are very nimble when in or above water. (Stealth+, EV+, Speed+++)))
Your lower body shifts to a powerful aquatic tail in water.


Message History

The gnoll bouda mumbles some strange prayers to its god.
The gnoll bouda is healed somewhat.
The gnoll hits you from afar with a +0 spear.
You hit the gnoll but do no damage. The gnoll hits you with a +0 flail.
The gnoll hits you from afar with a +0 spear.
You barely miss the gnoll.
The gnoll bouda prays to its god.
The gnoll bouda is healed somewhat.
Found a runed dagger and a leather armour.
The gnoll hits you with a +0 spear. The gnoll hits you with a +0 flail!
Things that are here:
a +0 spear; a gnoll corpse
Aiming: Quicksilver Bolt
Press: ? - help, Shift-Dir - straight line, f - gnoll bouda
Aim: a gnoll bouda, wielding a +0 whip and wearing a +0 leather armour (moderately wounded, 75% to hit)
The bolt of dispelling energy hits the gnoll bouda!
The gnoll bouda is almost dead.
The gnoll hits you with a +0 spear. The gnoll hits you with a +0 flail.
The gnoll bouda gazes fiercely through you!
You feel your attacks grow feeble.
You hit the gnoll bouda but do no damage.
The gnoll bouda is almost dead.
The gnoll barely misses you. The gnoll hits you with a +0 flail!
* * * LOW HITPOINT WARNING * * *
The gnoll bouda barely misses you.
You hit the gnoll bouda but do no damage.
The gnoll bouda is almost dead.
The gnoll closely misses you. The gnoll misses you.
The gnoll bouda barely misses you.
You hit the gnoll bouda but do no damage.
You punch the gnoll bouda.
You kill the gnoll bouda!
Qazlal accepts your kill. The gnoll hits you with a +0 spear.
* * * LOW HITPOINT WARNING * * *
The gnoll barely misses you.
You hit the gnoll but do no damage. The gnoll hits you with a +0 spear.
* * * LOW HITPOINT WARNING * * *
The gnoll hits you with a +0 flail!
You die...

###### #####....##
#.........# #####
#.........#.......
###.........#........
......g.....#........
.....))h..#.#........
..>....#g.†..........
)...#####.......(....
[.. ####........!...
. ...[.......(.....
#####.....(...##
#.....).###.#
#.....).# # #.....[.#


You could see 2 gnolls.

Vanquished Creatures
  Sigmund (D:2)
  A phantom (D:4)
  A gnoll bouda (D:4)
  2 orc priests (D:4)
  Jessica (D:2)
  An iguana (D:4)
  3 gnolls (D:4)
  9 adders
  2 ribbon worms (D:2)
  A dart slug (D:2)
  5 orcs
  7 ball pythons
  4 endoplasms
  3 giant cockroaches
  6 goblins
  10 hobgoblins
  4 jackals (D:2)
  2 quokkas
  5 bats
  9 frilled lizards
  10 kobolds
  3 rats
90 creatures vanquished.

Notes
Turn   | Place    | Note
-------+----------+-------------------------------------------
     0 | D:1      | Hubris850 the Merfolk Shapeshifter began the quest for the
                  | Orb.
     0 | D:1      | Reached XP level 1. HP: 15/15 MP: 1/1
   236 | D:1      | Reached XP level 2. HP: 14/21 MP: 2/2
   811 | D:2      | Reached XP level 3. HP: 19/26 MP: 3/3
   938 | D:2      | Noticed Sigmund
   954 | D:2      | Killed Sigmund
   955 | D:2      | Reached skill level 5 in Unarmed Combat
   955 | D:2      | Reached skill level 5 in Shapeshifting
   955 | D:2      | Reached XP level 4. HP: 32/32 MP: 4/4
   955 | D:2      | Reached XP level 5. HP: 37/37 MP: 5/5
  1127 | D:2      | Reached skill level 6 in Shapeshifting
  1139 | D:2      | Reached XP level 6. HP: 38/43 MP: 6/6
  1321 | D:2      | Noticed Jessica
  1329 | D:2      | Killed Jessica
  2332 | D:3      | Found a glowing golden altar of the Shining One.
  2414 | D:3      | Found a broken altar of Ashenzari.
  2421 | D:3      | Found a stormy altar of Qazlal.
  2500 | D:3      | Became a worshipper of Qazlal Stormbringer
  2653 | D:3      | Found a hide-covered altar of Uskayaw.
  3035 | D:3      | Found a bloodstained altar of Trog.
  3087 | D:4      | Found Vuffiwiu's Magic Scroll Boutique.
  3163 | D:4      | Reached skill level 1 in Invocations
  3266 | D:4      | Reached XP level 7. HP: 37/48 MP: 5/8
  3352 | D:4      | Reached * piety under Qazlal
  3353 | D:4      | Reached skill level 7 in Shapeshifting
  3361 | D:4      | Slain by a gnoll

Illustrated notes

Levels and vault maps discovered:
D:1:      amcnicky_arrival_blooded_trapdoor, layout_loops_ring
D:2:      layout_basic, grunt_ministairs_4, uniq_jessica, uniq_sigmund
D:3:      layout_loops_cross, nicolae_uskayaw_murder_on_the_dancefloor,
          lemuel_doored_altar, mainiacjoe_overflow_big_doors, trog_book
D:4:      layout_basic, mainiacjoe_overflow_alcove_2, serial_shops,
          nicolae_shop_window_shopping

Skill      XL: |  1  2  3  4  5  6  7 |
---------------+----------------------+-----
Dodging        | 3 4 |  4.0
Unarmed Combat | 5 6 |  6.3
Shapeshifting  | 5 6 7 |  7.0
Invocations    | 1 2 |  2.3
Fighting       | |  1.1

Action                     |  1- 3 |  4- 6 |  7- 9 || total
---------------------------+-------+-------+-------++-------
  Melee: Unarmed           |    70 |   151 |    18 ||   239
         Punch             |     2 |     7 |     1 ||    10
  Throw: Dart              |       |     3 |     6 ||     9
  Evoke: Wand              |       |       |     2 ||     2
    Use: Potion            |     1 |     1 |       ||     2
         Scroll            |       |     7 |       ||     7
   Stab: Sleeping          |     3 |     2 |       ||     5
 Armour: Animal skin       |    26 |    64 |    17 ||   107
         Skin              |     6 |    15 |       ||    21
  Dodge: Dodged            |    33 |    97 |    15 ||   145

Table legend: (Time is in decaauts)
 A = Elapsed time spent in this place.
 B = Non-inter-level travel time spent in this place.
 C = Inter-level travel time spent in this place.
 D = Time resting spent in this place.
 E = Time spent auto-exploring this place.
 F = Levels seen in this place.
 G = Mean time per level.
                   A        B        C        D        E       F      G
               +--------+--------+--------+--------+--------+-----+--------+
         Total |   3338 |   3244 |     94 |    173 |   2513 |   4 |  834.5 |
       Dungeon |   3338 |   3244 |     94 |    173 |   2513 |   4 |  834.5 |
               +--------+--------+--------+--------+--------+-----+--------+

Top non-repeatable levels by time:
     D:2: 1506 daAuts
     D:1: 798 daAuts
     D:3: 736 daAuts
     D:4: 297 daAuts
